Panthers vs Rangers

Created - 9 mars 2022 at 16:58

Goals
1 2 3 T
Panthers 2 0 1 3
Rangers 1 1 0 2
Shots
1 2 3 T
Panthers 12 13 18 43
Rangers 10 15 7 32

GoalsPenalties
1st period
1. Rangers , Ryan Reaves 12 (Jeff Skinner 21, Ryan Lindgren 39) at 6:32
2. Panthers , Aleksander Barkov 44 (Justin Braun 23, Dmitry Kulikov 9) at 11:04
3. Panthers , Andre Burakovsky 21 (Seth Jones 51) at 18:58
Ryan Reaves (NYR) for Hooking (Minor) at 19:03
Dmitry Kulikov (FLO) for Hooking (Minor) at 19:03
2nd period
4. Rangers , Pierre-Luc Dubois 22 (Nils Hoglander 29, Trevor Zegras 38) at 19:24
Jujhar Khaira (FLO) for Roughing (Minor) at 6:24
Bowen Byram (NYR) for High sticking (Minor) at 7:14
Jujhar Khaira (FLO) for Slashing (Minor) at 9:33
Vladislav Namestnikov (FLO) for Roughing (Minor) at 12:04
3rd period
5. Panthers , Vladislav Namestnikov 21 (Dylan DeMelo 33, Reilly Smith 35) at 0:14
Dylan Coghlan (NYR) for Cross-checking (Minor) at 16:02
Goalie Stats
Collin Delia (FLO), 30 saves from 32 shots - (0,938), W, 9-4-2, 60:00 minutes
Keith Kinkaid (NYR), 40 saves from 43 shots - (0,930), L, 9-15-3, 59:47 minutes
3 StarsOfficial
1 - Seth Jones (FLO)
2 - Aleksander Barkov (FLO)
3 - Andre Burakovsky (FLO)
Referees : Steve Kozari and Dave Jackson
Linesman : Darren Gibbs and Bryan Pancich
Game Note
No Game Note



Team Name Goals Shots Shots Attemp Shots Blocked PIM HIT PP PK FO%
Panthers 3437688250 / 2 (0%)062%
Rangers 2326176190 / 3 (0%)038%

Panthers
Player Name POS G A P +/- PIM HIT SHT SB MP PP MP PP SHT PK MP PK SHT FO% FOT
Aleksander BarkovC1011008121:030:1812:24063% 30
Andre BurakovskyLW/RW1011007018:010:1800:000100% 3
Brett HowdenC/LW/RW0000000112:200:4600:00067% 12
Claude GirouxC/LW/RW0001016020:061:4512:24061% 31
Colton ParaykoD0000020119:561:4802:2800% 0
David KrejciC000-100007:130:0000:00050% 6
Dmitry KulikovD0110231115:220:0000:0000% 0
Dylan DeMeloD0111031123:591:0102:2000% 0
James NealLW/RW0000001011:340:0000:0000% 1
Jonathan MarchessaultLW/RW0001023020:210:1802:2400% 1
Jujhar KhairaC/LW000-141107:110:0000:0000% 0
Justin BraunD0110003115:230:0000:0000% 0
Michael RafflLW/RW000-100107:590:4600:000100% 1
Nikita ZaitsevD0000030020:381:4802:2800% 0
Reilly SmithLW/RW0111004018:301:4512:24033% 3
Seth JonesD0111043224:411:0102:2000% 0
Vladislav NamestnikovC/LW/RW1011232015:231:4500:0000% 0
Zack KassianLW/RW0000032012:200:4600:000100% 1
Rangers
Player Name POS G A P +/- PIM HIT SHT SB MP PP MP PP SHT PK MP PK SHT FO% FOT
Alex ChiassonLW/RW0000041011:530:0000:000100% 1
Alexandre CarrierD0000020022:592:0801:2200% 0
Bowen ByramD000-1250022:572:0700:5200% 0
Dylan CoghlanD0000201212:310:0000:1800% 0
Gabriel VilardiC0000002015:252:1301:19035% 17
Jeff SkinnerLW0110002119:142:4021:1900% 1
Joel KivirantaLW000001107:590:0000:0000% 1
Kevin ConnautonD0000030016:040:0001:3700% 0
Kyle OkposoLW/RW0000003011:530:0000:0000% 0
Kyle TurrisC/LW/RW000000006:250:0000:00020% 10
Marcus JohanssonC/LW0000007018:422:3500:00053% 19
Nils HoglanderLW/RW011-1004116:240:0000:0000% 0
Pat MaroonLW0000001010:082:1301:3000% 1
Pierre-Luc DuboisC101-1023122:032:3511:30039% 28
Ryan LindgrenD011-1000224:312:4001:2900% 0
Ryan ReavesRW1010223017:072:3500:0000% 1
Samuel GirardD0000001017:340:0000:0000% 0
Trevor ZegrasC011-1003020:112:1300:00040% 10

Panthers

5 vs 5 Forward
Line #Left WingCenterRight WingPHYDFOFWanted %Time %Time Play
1Jonathan MarchessaultAleksander BarkovAndre Burakovsky0233033%16:07
2Vladislav NamestnikovClaude GirouxReilly Smith0323028%13:39
3James NealBrett HowdenZack Kassian0322424%11:34
4Jujhar KhairaDavid KrejciMichael Raffl1221615%7:13
5 vs 5 Defense
Line #DefenseDefensePHYDFOFWanted %Time %Time Play
1Seth JonesDylan DeMelo0233027%13:16
2Nikita ZaitsevColton Parayko0323030%14:41
3Dmitry KulikovJustin Braun1222432%15:23
4Seth JonesDylan DeMelo0231611%5:13
Power Play Forward
Line #Left WingCenterRight WingPHYDFOFWanted %Time %Time Play
1Jonathan MarchessaultAleksander BarkovAndre Burakovsky0145011%0:18
2Vladislav NamestnikovClaude GirouxReilly Smith0145089%2:31
Power Play Defense
Line #DefenseDefensePHYDFOFWanted %Time %Time Play
1Seth JonesDylan DeMelo0145036%1:01
2Nikita ZaitsevColton Parayko0145064%1:48
Penalty Kill 4 Players Forward
Line #CenterWingPHYDFOFWanted %Time %Time Play
1Aleksander BarkovJonathan Marchessault0325050%2:24
2Claude GirouxReilly Smith0325050%2:24
Penalty Kill 4 Players Defense
Line #DefenseDefensePHYDFOFWanted %Time %Time Play
1Seth JonesDylan DeMelo0325049%2:20
2Nikita ZaitsevColton Parayko0325051%2:28
Penalty Kill 3 Players
Line #WingPHYDFOFWanted %Time %Time PlayDefenseDefensePHYDFOFWanted %Time %Time Play
1Aleksander Barkov032500%0:00 Seth JonesDylan DeMelo032500%0:00
2Claude Giroux032500%0:00 Nikita ZaitsevColton Parayko032500%0:00
4 vs 4 Forward
Line #CenterWingPHYDFOFWanted %Time %Time Play
1Aleksander BarkovJonathan Marchessault0145049%1:32
2Claude GirouxAndre Burakovsky0145051%1:36
4 vs 4 Defense
Line #DefensePHYDFOFWanted %Time %Time Play
1Seth JonesDylan DeMelo0145069%50% - 2:09
2Nikita ZaitsevColton Parayko0145031%50% - 0:59
Last Minutes Offensive
Left WingCenterRight WingDefenseDefense
Claude GirouxAleksander BarkovReilly SmithSeth JonesNikita Zaitsev
Last Minutes Defensive
Left WingCenterRight WingDefenseDefense
Claude GirouxAleksander BarkovReilly SmithSeth JonesNikita Zaitsev
Time
Total ForwardTotal DefenseLast Minutes OffensiveLast Minutes Defensive
60:00 60:00 0:000:42
Extra Forwards
Normal PowerPlayPenalty Kill
Brett Howden, Zack Kassian, James NealBrett Howden, Zack KassianJujhar Khaira
Extra Defensemen
Normal PowerPlayPenalty Kill
Colton Parayko, Justin Braun, Nikita ZaitsevDylan DeMelo, Justin BraunNikita Zaitsev
Penalty Shots
Aleksander Barkov, Jonathan Marchessault, Claude Giroux, Reilly Smith, Andre Burakovsky
Goalie
Collin Delia, Jonathan Quick
Custom OT Lines Forwards
Aleksander Barkov, Claude Giroux, Reilly Smith, Jonathan Marchessault, Andre Burakovsky, Vladislav Namestnikov, Brett Howden, Zack Kassian, James Neal, Jujhar Khaira
Custom OT Lines Defensemen
Seth Jones, Dylan DeMelo, Nikita Zaitsev, Colton Parayko, Justin Braun
Scratches
Eric Robinson (Healthy), Jason Demers (Healthy), Oskari Laaksonen (Healthy)

Rangers

5 vs 5 Forward
Line #Left WingCenterRight WingPHYDFOFWanted %Time %Time Play
1Trevor ZegrasPierre-Luc DuboisNils Hoglander0233332%15:42
2Jeff SkinnerMarcus JohanssonRyan Reaves0323030%14:33
3Kyle OkposoGabriel VilardiAlex Chiasson1312224%11:53
4Joel KivirantaKyle TurrisPat Maroon2211513%6:25
5 vs 5 Defense
Line #DefenseDefensePHYDFOFWanted %Time %Time Play
1Ryan LindgrenBowen Byram0324039%19:09
2Samuel GirardAlexandre Carrier0324036%17:34
3Dylan CoghlanKevin Connauton1402024%11:50
4Bowen ByramRyan Lindgren12200%0:00
Power Play Forward
Line #Left WingCenterRight WingPHYDFOFWanted %Time %Time Play
1Pat MaroonTrevor ZegrasGabriel Vilardi0145046%2:13
2Marcus JohanssonPierre-Luc DuboisRyan Reaves0145054%2:35
Power Play Defense
Line #DefenseDefensePHYDFOFWanted %Time %Time Play
1Alexandre CarrierBowen Byram0145044%2:08
2Jeff SkinnerRyan Lindgren0235056%2:40
Penalty Kill 4 Players Forward
Line #CenterWingPHYDFOFWanted %Time %Time Play
1Gabriel VilardiJeff Skinner0415047%1:19
2Pat MaroonPierre-Luc Dubois0415053%1:30
Penalty Kill 4 Players Defense
Line #DefenseDefensePHYDFOFWanted %Time %Time Play
1Ryan LindgrenBowen Byram0325056%1:34
2Kevin ConnautonAlexandre Carrier0415044%1:15
Penalty Kill 3 Players
Line #WingPHYDFOFWanted %Time %Time PlayDefenseDefensePHYDFOFWanted %Time %Time Play
1Marcus Johansson140500%0:00 Bowen ByramRyan Lindgren140500%0:00
2Pat Maroon140500%0:00 Kevin ConnautonAlexandre Carrier140500%0:00
4 vs 4 Forward
Line #CenterWingPHYDFOFWanted %Time %Time Play
1Trevor ZegrasJoel Kiviranta0235050%1:34
2Marcus JohanssonPierre-Luc Dubois0235050%1:34
4 vs 4 Defense
Line #DefensePHYDFOFWanted %Time %Time Play
1Alexandre CarrierKevin Connauton0235061%50% - 1:55
2Ryan LindgrenBowen Byram0325039%50% - 1:13
Last Minutes Offensive
Left WingCenterRight WingDefenseDefense
Nils HoglanderPierre-Luc DuboisJeff SkinnerTrevor ZegrasKevin Connauton
Last Minutes Defensive
Left WingCenterRight WingDefenseDefense
Gabriel VilardiMarcus JohanssonRyan ReavesRyan LindgrenAlexandre Carrier
Time
Total ForwardTotal DefenseLast Minutes OffensiveLast Minutes Defensive
60:00 60:00 0:420:00
Extra Forwards
Normal PowerPlayPenalty Kill
Trevor Zegras, Marcus Johansson, Pierre-Luc DuboisPierre-Luc Dubois, Pat MaroonMarcus Johansson
Extra Defensemen
Normal PowerPlayPenalty Kill
Ryan Lindgren, Kevin Connauton, Alexandre CarrierAlexandre Carrier, Ryan LindgrenAlexandre Carrier
Penalty Shots
Pierre-Luc Dubois, Pat Maroon, Trevor Zegras, Marcus Johansson, Ryan Lindgren
Goalie
Keith Kinkaid, Mads Sogaard
Custom OT Lines Forwards
Gabriel Vilardi, Trevor Zegras, Ryan Reaves, Pierre-Luc Dubois, Nils Hoglander, Marcus Johansson, Pat Maroon, Joel Kiviranta, Alex Chiasson, Jeff Skinner
Custom OT Lines Defensemen
Alexandre Carrier, Ryan Lindgren, Bowen Byram, Samuel Girard, Kevin Connauton
Scratches
Brandon Davidson (Healthy), Akil Thomas (Healthy), Wayne Simmonds (Healthy), Jordie Benn (Sprained Right Finger Injury), Philip Tomasino (Healthy) Darren Raddysh (Healthy), Igor Shesterkin (Exhaustion)


Play-by-Play

1st period


0:01 of 1st period - Aleksander Barkov wins face-off versus Pierre-Luc Dubois in neutral zone.
0:26 of 1st period - Shot by Trevor Zegras.
0:26 of 1st period - Shot Misses the Net.
0:32 of 1st period - Shot by Seth Jones.
0:32 of 1st period - Stopped by Keith Kinkaid without a rebound.
0:33 of 1st period - Claude Giroux wins face-off versus Marcus Johansson in Rangers zone.
0:44 of 1st period - Shot by Vladislav Namestnikov.
0:44 of 1st period - Shot Misses the Net.
0:46 of 1st period - Shot by Nikita Zaitsev.
0:46 of 1st period - Shot Misses the Net.
1:16 of 1st period - Shot by Claude Giroux.
1:16 of 1st period - Deflect By Reilly Smith.
1:16 of 1st period - Stopped by Keith Kinkaid without a rebound.
1:17 of 1st period - Zack Kassian wins face-off versus Gabriel Vilardi in Rangers zone.
1:20 of 1st period - Shot by Brett Howden.
1:20 of 1st period - Shot Misses the Net.
1:22 of 1st period - Shot by Dmitry Kulikov.
1:22 of 1st period - Shot Misses the Net.
1:44 of 1st period - Shot by Kyle Okposo.
1:44 of 1st period - Stopped by Collin Delia without a rebound.
1:45 of 1st period - Kyle Turris wins face-off versus David Krejci in Panthers zone.
1:46 of 1st period - Shot by Pat Maroon.
1:46 of 1st period - Stopped by Collin Delia without a rebound.
1:47 of 1st period - David Krejci wins face-off versus Kyle Turris in Panthers zone.
2:07 of 1st period - Off-side.
2:08 of 1st period - Pierre-Luc Dubois wins face-off versus Aleksander Barkov in neutral zone.
2:28 of 1st period - Shot by Trevor Zegras.
2:28 of 1st period - Stopped by Collin Delia without a rebound.
2:29 of 1st period - Brett Howden wins face-off versus Gabriel Vilardi in Panthers zone.
2:45 of 1st period - Shot by Gabriel Vilardi.
2:45 of 1st period - Shot Misses the Net.
3:56 of 1st period - Shot by Marcus Johansson.
3:56 of 1st period - Stopped by Collin Delia with a rebound.
3:58 of 1st period - Shot by Ryan Reaves.
3:58 of 1st period - Stopped by Collin Delia without a rebound.
3:59 of 1st period - Aleksander Barkov wins face-off versus Pierre-Luc Dubois in Panthers zone.
4:04 of 1st period - Shot by Aleksander Barkov.
4:04 of 1st period - Stopped by Keith Kinkaid without a rebound.
4:05 of 1st period - David Krejci wins face-off versus Pierre-Luc Dubois in Rangers zone.
4:30 of 1st period - Shot by Trevor Zegras.
4:30 of 1st period - Stopped by Collin Delia with a rebound.
4:32 of 1st period - Shot by Kevin Connauton.
4:32 of 1st period - Deflect By Pierre-Luc Dubois.
4:32 of 1st period - Shot Misses the Net.
4:34 of 1st period - Shot by Trevor Zegras.
4:34 of 1st period - Stopped by Collin Delia with a rebound.
4:36 of 1st period - Shot by Dylan Coghlan.
4:36 of 1st period - Stopped by Collin Delia without a rebound.
4:37 of 1st period - Aleksander Barkov wins face-off versus Kyle Turris in Panthers zone.
4:53 of 1st period - Icing by Alexandre Carrier.
4:54 of 1st period - Claude Giroux wins face-off versus Kyle Turris in Rangers zone.
5:36 of 1st period - Alexandre Carrier is hit by Vladislav Namestnikov and loses puck.
6:24 of 1st period - Marcus Johansson is hit by Seth Jones.
6:28 of 1st period - Shot by Jeff Skinner.
6:28 of 1st period - Shot Blocked by Seth Jones.
6:30 of 1st period - Shot by Jeff Skinner.
6:30 of 1st period - Shot Misses the Net.
6:32 of 1st period - Shot by Ryan Reaves.
6:32 of 1st period - Goal by Ryan Reaves - Panthers : 0 - Rangers : 1.
6:33 of 1st period - Trevor Zegras wins face-off versus Brett Howden in neutral zone.
6:39 of 1st period - Nils Hoglander is hit by Dmitry Kulikov.
6:49 of 1st period - Shot by James Neal.
6:49 of 1st period - Shot Blocked by Pierre-Luc Dubois.
7:56 of 1st period - Bowen Byram is hit by Jujhar Khaira and loses puck.
8:24 of 1st period - Off-side.
8:25 of 1st period - Claude Giroux wins face-off versus Marcus Johansson in neutral zone.
8:30 of 1st period - Shot by Reilly Smith.
8:30 of 1st period - Shot Misses the Net.
8:35 of 1st period - Samuel Girard is hit by Seth Jones and loses puck.
9:20 of 1st period - Joel Kiviranta is hit by Dylan DeMelo and loses puck.
9:59 of 1st period - Shot by Aleksander Barkov.
9:59 of 1st period - Stopped by Keith Kinkaid without a rebound.
10:00 of 1st period - Brett Howden wins face-off versus Pierre-Luc Dubois in Rangers zone.
10:26 of 1st period - Off-side.
10:27 of 1st period - Marcus Johansson wins face-off versus Aleksander Barkov in neutral zone.
10:46 of 1st period - Shot by Marcus Johansson.
10:46 of 1st period - Deflect By Ryan Reaves.
10:46 of 1st period - Shot Misses the Net.
10:58 of 1st period - Shot by Aleksander Barkov.
10:58 of 1st period - Shot Misses the Net.
11:00 of 1st period - Shot by Dmitry Kulikov.
11:00 of 1st period - Stopped by Keith Kinkaid with a rebound.
11:02 of 1st period - Shot by Justin Braun.
11:02 of 1st period - Shot Misses the Net.
11:04 of 1st period - Shot by Aleksander Barkov.
11:04 of 1st period - Goal by Aleksander Barkov - Panthers : 1 - Rangers : 1.
11:05 of 1st period - Brett Howden wins face-off versus Pierre-Luc Dubois in neutral zone.
12:31 of 1st period - David Krejci is hit by Kevin Connauton and loses puck.
13:08 of 1st period - Shot by Aleksander Barkov.
13:08 of 1st period - Stopped by Keith Kinkaid without a rebound.
13:09 of 1st period - Marcus Johansson wins face-off versus Reilly Smith in Rangers zone.
13:34 of 1st period - Shot by Claude Giroux.
13:34 of 1st period - Stopped by Keith Kinkaid without a rebound.
13:35 of 1st period - Pierre-Luc Dubois wins face-off versus Jonathan Marchessault in Rangers zone.
14:08 of 1st period - Shot by Pierre-Luc Dubois.
14:08 of 1st period - Stopped by Collin Delia without a rebound.
14:09 of 1st period - Claude Giroux wins face-off versus Marcus Johansson in Panthers zone.
14:29 of 1st period - Icing by Seth Jones.
14:30 of 1st period - Claude Giroux wins face-off versus Gabriel Vilardi in Panthers zone.
14:30 of 1st period - Claude Giroux is hit by Alex Chiasson.
15:34 of 1st period - Shot by Brett Howden.
15:34 of 1st period - Shot Misses the Net.
15:36 of 1st period - Shot by Justin Braun.
15:36 of 1st period - Stopped by Keith Kinkaid without a rebound.
15:37 of 1st period - Brett Howden wins face-off versus Marcus Johansson in Rangers zone.
15:50 of 1st period - Shot by Samuel Girard.
15:50 of 1st period - Shot Misses the Net.
16:39 of 1st period - Icing by Samuel Girard.
16:40 of 1st period - David Krejci wins face-off versus Ryan Reaves in Rangers zone.
17:06 of 1st period - Michael Raffl is hit by Bowen Byram and loses puck.
17:17 of 1st period - Shot by Michael Raffl.
17:17 of 1st period - Shot Misses the Net.
17:19 of 1st period - Shot by Michael Raffl.
17:19 of 1st period - Stopped by Keith Kinkaid without a rebound.
17:20 of 1st period - Aleksander Barkov wins face-off versus Kyle Turris in Rangers zone.
17:20 of 1st period - Aleksander Barkov is hit by Kevin Connauton.
17:40 of 1st period - Shot by Kyle Turris.
17:40 of 1st period - Shot Misses the Net.
17:50 of 1st period - Shot by Jonathan Marchessault.
17:50 of 1st period - Shot Misses the Net.
17:52 of 1st period - Shot by Aleksander Barkov.
17:52 of 1st period - Stopped by Keith Kinkaid without a rebound.
17:53 of 1st period - Claude Giroux wins face-off versus Pierre-Luc Dubois in Rangers zone.
17:54 of 1st period - Shot by Vladislav Namestnikov.
17:54 of 1st period - Shot Blocked by Ryan Lindgren.
17:58 of 1st period - Shot by Vladislav Namestnikov.
17:58 of 1st period - Deflect By Reilly Smith.
17:58 of 1st period - Shot Blocked by Nils Hoglander.
18:02 of 1st period - Shot by Vladislav Namestnikov.
18:02 of 1st period - Shot Misses the Net.
18:04 of 1st period - Shot by Reilly Smith.
18:04 of 1st period - Shot Misses the Net.
18:06 of 1st period - Shot by Vladislav Namestnikov.
18:06 of 1st period - Shot Blocked by Ryan Lindgren.
18:08 of 1st period - Shot by Reilly Smith.
18:08 of 1st period - Shot Misses the Net.
18:44 of 1st period - Icing by Ryan Lindgren.
18:45 of 1st period - Pierre-Luc Dubois wins face-off versus Aleksander Barkov in Rangers zone.
18:58 of 1st period - Shot by Andre Burakovsky.
18:58 of 1st period - Goal by Andre Burakovsky - Panthers : 2 - Rangers : 1.
18:59 of 1st period - Brett Howden wins face-off versus Marcus Johansson in neutral zone.
18:59 of 1st period - James Neal is hit by Ryan Reaves and loses puck.
19:03 of 1st period - Minor Penalty to Ryan Reaves for Hooking.
19:03 of 1st period - Minor Penalty to Dmitry Kulikov for Hooking.
19:04 of 1st period - Aleksander Barkov wins face-off versus Marcus Johansson in Panthers zone.
19:29 of 1st period - Shot by Aleksander Barkov.
19:29 of 1st period - Shot Misses the Net.
Goals for this period are 2 for Panthers vs 1 for Rangers.
Shots for this period are 12 for Panthers vs 10 for Rangers.

2nd period


0:01 of 2nd period - Claude Giroux wins face-off versus Trevor Zegras in neutral zone.
0:10 of 2nd period - Shot by Andre Burakovsky.
0:10 of 2nd period - Shot Misses the Net.
0:12 of 2nd period - Shot by Claude Giroux.
0:12 of 2nd period - Shot Misses the Net.
0:22 of 2nd period - Shot by Claude Giroux.
0:22 of 2nd period - Stopped by Keith Kinkaid without a rebound.
0:23 of 2nd period - Marcus Johansson wins face-off versus Aleksander Barkov in Rangers zone.
0:38 of 2nd period - Shot by Aleksander Barkov.
0:38 of 2nd period - Shot Misses the Net.
0:40 of 2nd period - Shot by Seth Jones.
0:40 of 2nd period - Stopped by Keith Kinkaid with a rebound.
0:42 of 2nd period - Shot by Dylan DeMelo.
0:42 of 2nd period - Stopped by Keith Kinkaid without a rebound.
0:43 of 2nd period - Trevor Zegras wins face-off versus Claude Giroux in Rangers zone.
1:05 of 2nd period - Shot by Alexandre Carrier.
1:05 of 2nd period - Shot Blocked by Dylan DeMelo.
1:07 of 2nd period - Shot by Kyle Okposo.
1:07 of 2nd period - Shot Blocked by Brett Howden.
1:09 of 2nd period - Shot by Kyle Okposo.
1:09 of 2nd period - Stopped by Collin Delia without a rebound.
1:10 of 2nd period - Marcus Johansson wins face-off versus Brett Howden in Panthers zone.
1:15 of 2nd period - Shot by Marcus Johansson.
1:15 of 2nd period - Stopped by Collin Delia without a rebound.
1:16 of 2nd period - Aleksander Barkov wins face-off versus Pierre-Luc Dubois in Panthers zone.
1:53 of 2nd period - Shot by Aleksander Barkov.
1:53 of 2nd period - Stopped by Keith Kinkaid with a rebound.
1:55 of 2nd period - Shot by Seth Jones.
1:55 of 2nd period - Shot Misses the Net.
1:57 of 2nd period - Shot by Andre Burakovsky.
1:57 of 2nd period - Stopped by Keith Kinkaid with a rebound.
2:34 of 2nd period - Shot by Justin Braun.
2:34 of 2nd period - Stopped by Keith Kinkaid without a rebound.
2:35 of 2nd period - Claude Giroux wins face-off versus Gabriel Vilardi in Rangers zone.
2:38 of 2nd period - Shot by Vladislav Namestnikov.
2:38 of 2nd period - Stopped by Keith Kinkaid without a rebound.
2:39 of 2nd period - Claude Giroux wins face-off versus Gabriel Vilardi in Rangers zone.
2:46 of 2nd period - Shot by Reilly Smith.
2:46 of 2nd period - Shot Misses the Net.
2:51 of 2nd period - Gabriel Vilardi is hit by Nikita Zaitsev and loses puck.
3:18 of 2nd period - Shot by Alex Chiasson.
3:18 of 2nd period - Shot Misses the Net.
3:41 of 2nd period - Jeff Skinner is hit by Dylan DeMelo and loses puck.
4:10 of 2nd period - Shot by Aleksander Barkov.
4:10 of 2nd period - Deflect By Andre Burakovsky.
4:10 of 2nd period - Stopped by Keith Kinkaid without a rebound.
4:11 of 2nd period - Brett Howden wins face-off versus Pierre-Luc Dubois in Rangers zone.
4:11 of 2nd period - Zack Kassian is hit by Alexandre Carrier and loses puck.
4:54 of 2nd period - Icing by Dmitry Kulikov.
4:55 of 2nd period - Brett Howden wins face-off versus Kyle Turris in Panthers zone.
5:38 of 2nd period - Brett Howden is hit by Bowen Byram and loses puck.
6:05 of 2nd period - Shot by Marcus Johansson.
6:05 of 2nd period - Stopped by Collin Delia without a rebound.
6:06 of 2nd period - Michael Raffl wins face-off versus Gabriel Vilardi in Panthers zone.
6:24 of 2nd period - Minor Penalty to Jujhar Khaira for Roughing.
6:25 of 2nd period - Pierre-Luc Dubois wins face-off versus Aleksander Barkov in Panthers zone.
7:01 of 2nd period - Shot by Jeff Skinner.
7:01 of 2nd period - Stopped by Collin Delia without a rebound.
7:02 of 2nd period - Aleksander Barkov wins face-off versus Trevor Zegras in Panthers zone.
7:14 of 2nd period - Minor Penalty to Bowen Byram for High sticking.
7:15 of 2nd period - Claude Giroux wins face-off versus Trevor Zegras in Rangers zone.
7:30 of 2nd period - Shot by Andre Burakovsky.
7:30 of 2nd period - Stopped by Keith Kinkaid with a rebound.
7:44 of 2nd period - Claude Giroux is hit by Joel Kiviranta and loses puck.
8:17 of 2nd period - Shot by Dylan Coghlan.
8:17 of 2nd period - Shot Misses the Net.
8:19 of 2nd period - Shot by Marcus Johansson.
8:19 of 2nd period - Deflect By Pierre-Luc Dubois.
8:19 of 2nd period - Shot Blocked by Colton Parayko.
8:40 of 2nd period - Shot by Claude Giroux.
8:40 of 2nd period - Stopped by Keith Kinkaid without a rebound.
8:41 of 2nd period - Aleksander Barkov wins face-off versus Pat Maroon in Rangers zone.
8:58 of 2nd period - Shot by Aleksander Barkov.
8:58 of 2nd period - Stopped by Keith Kinkaid without a rebound.
8:59 of 2nd period - Claude Giroux wins face-off versus Jeff Skinner in Rangers zone.
9:11 of 2nd period - Icing by Seth Jones.
9:12 of 2nd period - Gabriel Vilardi wins face-off versus Claude Giroux in Panthers zone.
9:33 of 2nd period - Minor Penalty to Jujhar Khaira for Slashing.
9:34 of 2nd period - Aleksander Barkov wins face-off versus Trevor Zegras in Panthers zone.
10:59 of 2nd period - Shot by Jeff Skinner.
10:59 of 2nd period - Stopped by Collin Delia without a rebound.
11:00 of 2nd period - Claude Giroux wins face-off versus Trevor Zegras in Panthers zone.
11:04 of 2nd period - Off-side.
11:05 of 2nd period - Claude Giroux wins face-off versus Pierre-Luc Dubois in neutral zone.
11:10 of 2nd period - Shot by Claude Giroux.
11:10 of 2nd period - Shot Misses the Net.
11:31 of 2nd period - Shot by Ryan Lindgren.
11:31 of 2nd period - Shot Misses the Net.
11:33 of 2nd period - Shot by Ryan Reaves.
11:33 of 2nd period - Stopped by Collin Delia with a rebound.
11:48 of 2nd period - Icing by Gabriel Vilardi.
11:49 of 2nd period - Gabriel Vilardi wins face-off versus Aleksander Barkov in Rangers zone.
11:49 of 2nd period - Gabriel Vilardi is hit by Jonathan Marchessault.
11:55 of 2nd period - Shot by Kyle Okposo.
11:55 of 2nd period - Shot Misses the Net.
11:57 of 2nd period - Shot by Alex Chiasson.
11:57 of 2nd period - Deflect By Kyle Okposo.
11:57 of 2nd period - Stopped by Collin Delia without a rebound.
11:58 of 2nd period - Claude Giroux wins face-off versus Kyle Turris in Panthers zone.
12:04 of 2nd period - Minor Penalty to Vladislav Namestnikov for Roughing.
12:05 of 2nd period - Claude Giroux wins face-off versus Trevor Zegras in Panthers zone.
12:13 of 2nd period - Bowen Byram is hit by Colton Parayko and loses puck.
12:21 of 2nd period - Icing by Alexandre Carrier.
12:22 of 2nd period - Trevor Zegras wins face-off versus Claude Giroux in Rangers zone.
12:28 of 2nd period - Icing by Gabriel Vilardi.
12:29 of 2nd period - Trevor Zegras wins face-off versus Claude Giroux in Rangers zone.
12:34 of 2nd period - Trevor Zegras is hit by Claude Giroux and loses puck.
13:21 of 2nd period - Shot by Pierre-Luc Dubois.
13:21 of 2nd period - Shot Blocked by Seth Jones.
13:23 of 2nd period - Shot by Pierre-Luc Dubois.
13:23 of 2nd period - Stopped by Collin Delia with a rebound.
13:59 of 2nd period - Icing by Marcus Johansson.
14:00 of 2nd period - Claude Giroux wins face-off versus Pierre-Luc Dubois in Rangers zone.
14:01 of 2nd period - Shot by Reilly Smith.
14:01 of 2nd period - Shot Blocked by Jeff Skinner.
14:36 of 2nd period - Shot by Gabriel Vilardi.
14:36 of 2nd period - Shot Misses the Net.
14:52 of 2nd period - Off-side.
14:53 of 2nd period - Andre Burakovsky wins face-off versus Joel Kiviranta in neutral zone.
15:05 of 2nd period - Shot by Kyle Turris.
15:05 of 2nd period - Shot Misses the Net.
15:07 of 2nd period - Shot by Joel Kiviranta.
15:07 of 2nd period - Stopped by Collin Delia without a rebound.
15:08 of 2nd period - Pierre-Luc Dubois wins face-off versus Claude Giroux in Panthers zone.
16:20 of 2nd period - Shot by Andre Burakovsky.
16:20 of 2nd period - Stopped by Keith Kinkaid without a rebound.
16:21 of 2nd period - Brett Howden wins face-off versus Gabriel Vilardi in Rangers zone.
16:29 of 2nd period - Alex Chiasson is hit by Dylan DeMelo.
16:31 of 2nd period - Shot by Gabriel Vilardi.
16:31 of 2nd period - Stopped by Collin Delia without a rebound.
16:32 of 2nd period - Andre Burakovsky wins face-off versus Marcus Johansson in Panthers zone.
17:29 of 2nd period - Aleksander Barkov is hit by Alex Chiasson.
17:56 of 2nd period - James Neal is hit by Bowen Byram and loses puck.
18:14 of 2nd period - James Neal is hit by Bowen Byram and loses puck.
18:44 of 2nd period - Shot by Reilly Smith.
18:44 of 2nd period - Stopped by Keith Kinkaid without a rebound.
18:45 of 2nd period - Pierre-Luc Dubois wins face-off versus David Krejci in Rangers zone.
19:19 of 2nd period - Trevor Zegras is hit by Dmitry Kulikov and loses puck.
19:24 of 2nd period - Shot by Pierre-Luc Dubois.
19:24 of 2nd period - Goal by Pierre-Luc Dubois - Panthers : 2 - Rangers : 2.
19:25 of 2nd period - Marcus Johansson wins face-off versus Claude Giroux in neutral zone.
19:34 of 2nd period - Shot by Marcus Johansson.
19:34 of 2nd period - Stopped by Collin Delia without a rebound.
19:35 of 2nd period - Aleksander Barkov wins face-off versus Kyle Turris in Panthers zone.
19:37 of 2nd period - Icing by Andre Burakovsky.
19:38 of 2nd period - Aleksander Barkov wins face-off versus Marcus Johansson in Panthers zone.
19:38 of 2nd period - Seth Jones is hit by Ryan Reaves and loses puck.
19:43 of 2nd period - Shot by Marcus Johansson.
19:43 of 2nd period - Stopped by Collin Delia with a rebound.
19:45 of 2nd period - Shot by Marcus Johansson.
19:45 of 2nd period - Stopped by Collin Delia with a rebound.
19:47 of 2nd period - Shot by Marcus Johansson.
19:47 of 2nd period - Stopped by Collin Delia with a rebound.
Goals for this period are 0 for Panthers vs 1 for Rangers.
Shots for this period are 13 for Panthers vs 15 for Rangers.

3rd period


0:01 of 3rd period - Pierre-Luc Dubois wins face-off versus Claude Giroux in neutral zone.
0:10 of 3rd period - Shot by Reilly Smith.
0:10 of 3rd period - Shot Misses the Net.
0:12 of 3rd period - Shot by Dylan DeMelo.
0:12 of 3rd period - Shot Hit the Post.
0:14 of 3rd period - Shot by Vladislav Namestnikov.
0:14 of 3rd period - Goal by Vladislav Namestnikov - Panthers : 3 - Rangers : 2.
0:15 of 3rd period - Marcus Johansson wins face-off versus Aleksander Barkov in neutral zone.
0:18 of 3rd period - Shot by Alexandre Carrier.
0:18 of 3rd period - Shot Misses the Net.
0:36 of 3rd period - Shot by Andre Burakovsky.
0:36 of 3rd period - Stopped by Keith Kinkaid with a rebound.
0:38 of 3rd period - Shot by Andre Burakovsky.
0:38 of 3rd period - Stopped by Keith Kinkaid without a rebound.
0:39 of 3rd period - Pierre-Luc Dubois wins face-off versus Claude Giroux in Rangers zone.
0:45 of 3rd period - Trevor Zegras is hit by Seth Jones and loses puck.
1:46 of 3rd period - Colton Parayko is hit by Alexandre Carrier.
2:52 of 3rd period - Joel Kiviranta is hit by Zack Kassian and loses puck.
3:07 of 3rd period - Shot by Zack Kassian.
3:07 of 3rd period - Stopped by Keith Kinkaid with a rebound.
3:09 of 3rd period - Shot by Justin Braun.
3:09 of 3rd period - Shot Blocked by Dylan Coghlan.
3:13 of 3rd period - Shot by James Neal.
3:13 of 3rd period - Stopped by Keith Kinkaid with a rebound.
3:15 of 3rd period - Shot by Justin Braun.
3:15 of 3rd period - Stopped by Keith Kinkaid with a rebound.
3:43 of 3rd period - Icing by Seth Jones.
3:44 of 3rd period - Pierre-Luc Dubois wins face-off versus David Krejci in Panthers zone.
4:03 of 3rd period - Shot by Jujhar Khaira.
4:03 of 3rd period - Stopped by Keith Kinkaid without a rebound.
4:04 of 3rd period - Marcus Johansson wins face-off versus Reilly Smith in Rangers zone.
4:11 of 3rd period - Shot by Jeff Skinner.
4:11 of 3rd period - Shot Misses the Net.
4:32 of 3rd period - Ryan Reaves is hit by Nikita Zaitsev and loses puck.
4:39 of 3rd period - Shot by Marcus Johansson.
4:39 of 3rd period - Shot Misses the Net.
4:48 of 3rd period - Ryan Reaves is hit by Colton Parayko and loses puck.
5:07 of 3rd period - Shot by Nils Hoglander.
5:07 of 3rd period - Stopped by Collin Delia without a rebound.
5:08 of 3rd period - Aleksander Barkov wins face-off versus Gabriel Vilardi in Panthers zone.
5:23 of 3rd period - Shot by Jonathan Marchessault.
5:23 of 3rd period - Stopped by Keith Kinkaid with a rebound.
5:53 of 3rd period - Aleksander Barkov is hit by Alex Chiasson and loses puck.
6:30 of 3rd period - Zack Kassian is hit by Pierre-Luc Dubois and loses puck.
7:15 of 3rd period - Shot by Samuel Girard.
7:15 of 3rd period - Stopped by Collin Delia without a rebound.
7:16 of 3rd period - Claude Giroux wins face-off versus Kyle Turris in Panthers zone.
7:37 of 3rd period - Off-side.
7:38 of 3rd period - Andre Burakovsky wins face-off versus Marcus Johansson in neutral zone.
8:08 of 3rd period - Icing by Aleksander Barkov.
8:09 of 3rd period - Aleksander Barkov wins face-off versus Pierre-Luc Dubois in Panthers zone.
8:09 of 3rd period - Aleksander Barkov is hit by Pierre-Luc Dubois.
8:23 of 3rd period - Icing by Seth Jones.
8:24 of 3rd period - Aleksander Barkov wins face-off versus Gabriel Vilardi in Panthers zone.
8:24 of 3rd period - Aleksander Barkov is hit by Alex Chiasson.
8:32 of 3rd period - Shot by Jonathan Marchessault.
8:32 of 3rd period - Stopped by Keith Kinkaid without a rebound.
8:33 of 3rd period - Claude Giroux wins face-off versus Pierre-Luc Dubois in Rangers zone.
8:56 of 3rd period - Shot by Claude Giroux.
8:56 of 3rd period - Stopped by Keith Kinkaid without a rebound.
8:57 of 3rd period - Marcus Johansson wins face-off versus Brett Howden in Rangers zone.
8:59 of 3rd period - Bowen Byram is hit by Zack Kassian and loses puck.
9:59 of 3rd period - Icing by Ryan Lindgren.
10:00 of 3rd period - Marcus Johansson wins face-off versus Claude Giroux in Rangers zone.
10:07 of 3rd period - Shot by Claude Giroux.
10:07 of 3rd period - Shot Misses the Net.
10:09 of 3rd period - Shot by Seth Jones.
10:09 of 3rd period - Stopped by Keith Kinkaid without a rebound.
10:10 of 3rd period - Aleksander Barkov wins face-off versus Pierre-Luc Dubois in Rangers zone.
10:21 of 3rd period - Shot by Nils Hoglander.
10:21 of 3rd period - Shot Misses the Net.
10:36 of 3rd period - Shot by Nils Hoglander.
10:36 of 3rd period - Stopped by Collin Delia with a rebound.
10:38 of 3rd period - Shot by Pierre-Luc Dubois.
10:38 of 3rd period - Deflect By Nils Hoglander.
10:38 of 3rd period - Shot Misses the Net.
10:40 of 3rd period - Shot by Nils Hoglander.
10:40 of 3rd period - Deflect By Pierre-Luc Dubois.
10:40 of 3rd period - Shot Misses the Net.
10:42 of 3rd period - Shot by Pierre-Luc Dubois.
10:42 of 3rd period - Deflect By Nils Hoglander.
10:42 of 3rd period - Shot Misses the Net.
10:44 of 3rd period - Shot by Nils Hoglander.
10:44 of 3rd period - Stopped by Collin Delia without a rebound.
10:45 of 3rd period - Gabriel Vilardi wins face-off versus Claude Giroux in Panthers zone.
10:46 of 3rd period - Shot by Alex Chiasson.
10:46 of 3rd period - Stopped by Collin Delia without a rebound.
10:47 of 3rd period - Gabriel Vilardi wins face-off versus Claude Giroux in Panthers zone.
10:59 of 3rd period - Icing by Colton Parayko.
11:00 of 3rd period - Claude Giroux wins face-off versus Pierre-Luc Dubois in Panthers zone.
11:15 of 3rd period - Shot by Vladislav Namestnikov.
11:15 of 3rd period - Shot Misses the Net.
11:17 of 3rd period - Shot by Colton Parayko.
11:17 of 3rd period - Shot Misses the Net.
11:25 of 3rd period - Shot by Claude Giroux.
11:25 of 3rd period - Stopped by Keith Kinkaid without a rebound.
11:26 of 3rd period - Marcus Johansson wins face-off versus Aleksander Barkov in Rangers zone.
11:47 of 3rd period - Shot by Jonathan Marchessault.
11:47 of 3rd period - Shot Misses the Net.
12:22 of 3rd period - Marcus Johansson is hit by Nikita Zaitsev and loses puck.
12:52 of 3rd period - Shot by Nils Hoglander.
12:52 of 3rd period - Shot Misses the Net.
12:58 of 3rd period - Alexandre Carrier is hit by Vladislav Namestnikov and loses puck.
13:31 of 3rd period - Shot by Gabriel Vilardi.
13:31 of 3rd period - Stopped by Collin Delia without a rebound.
13:32 of 3rd period - Kyle Turris wins face-off versus Brett Howden in Panthers zone.
13:32 of 3rd period - Kyle Turris is hit by Seth Jones.
13:48 of 3rd period - Shot by Zack Kassian.
13:48 of 3rd period - Shot Blocked by Dylan Coghlan.
13:50 of 3rd period - Shot by Zack Kassian.
13:50 of 3rd period - Stopped by Keith Kinkaid without a rebound.
13:51 of 3rd period - Aleksander Barkov wins face-off versus Gabriel Vilardi in Rangers zone.
13:55 of 3rd period - Aleksander Barkov is hit by Bowen Byram and loses puck.
14:06 of 3rd period - Shot by Alex Chiasson.
14:06 of 3rd period - Shot Blocked by Aleksander Barkov.
14:18 of 3rd period - Shot by Bowen Byram.
14:18 of 3rd period - Shot Blocked by Justin Braun.
14:20 of 3rd period - Shot by Ryan Lindgren.
14:20 of 3rd period - Shot Blocked by Dmitry Kulikov.
14:55 of 3rd period - Pierre-Luc Dubois is hit by Dmitry Kulikov and loses puck.
16:02 of 3rd period - Shot by Reilly Smith.
16:02 of 3rd period - Stopped by Keith Kinkaid without a rebound.
16:02 of 3rd period - Minor Penalty to Dylan Coghlan for Cross-checking.
16:03 of 3rd period - Reilly Smith wins face-off versus Gabriel Vilardi in Rangers zone.
16:43 of 3rd period - Alexandre Carrier is hit by Vladislav Namestnikov and loses puck.
17:44 of 3rd period - Shot by Reilly Smith.
17:44 of 3rd period - Stopped by Keith Kinkaid without a rebound.
17:45 of 3rd period - Gabriel Vilardi wins face-off versus Claude Giroux in Rangers zone.
18:38 of 3rd period - Icing by Bowen Byram.
18:39 of 3rd period - Gabriel Vilardi wins face-off versus James Neal in Rangers zone.
18:39 of 3rd period - Gabriel Vilardi is hit by Zack Kassian.
18:52 of 3rd period - Icing by Ryan Lindgren.
18:53 of 3rd period - Alex Chiasson wins face-off versus Aleksander Barkov in Rangers zone.
18:53 of 3rd period - Alex Chiasson is hit by Jonathan Marchessault.
19:17 of 3rd period - Shot by Jonathan Marchessault.
19:17 of 3rd period - Stopped by Keith Kinkaid without a rebound.
19:18 of 3rd period - Aleksander Barkov wins face-off versus Pierre-Luc Dubois in Rangers zone.
19:27 of 3rd period - Shot by Claude Giroux.
19:27 of 3rd period - Stopped by Keith Kinkaid without a rebound.
19:28 of 3rd period - Aleksander Barkov wins face-off versus Pierre-Luc Dubois in Rangers zone.
19:28 of 3rd period - Aleksander Barkov is hit by Kevin Connauton.
19:32 of 3rd period - Shot by Aleksander Barkov.
19:32 of 3rd period - Stopped by Keith Kinkaid without a rebound.
19:33 of 3rd period - Aleksander Barkov wins face-off versus Pierre-Luc Dubois in Rangers zone.
19:41 of 3rd period - Icing by Kevin Connauton.
19:42 of 3rd period - Pierre-Luc Dubois wins face-off versus Aleksander Barkov in Rangers zone.
19:47 of 3rd period - Rangers, Keith Kinkaid is pulled from the net.
19:47 of 3rd period - Shot by Nils Hoglander.
19:47 of 3rd period - Stopped by Collin Delia without a rebound.
19:48 of 3rd period - Pierre-Luc Dubois wins face-off versus Aleksander Barkov in Panthers zone.
Goals for this period are 1 for Panthers vs 0 for Rangers.
Shots for this period are 18 for Panthers vs 7 for Rangers.




Output by the SimonT Hockey Simulator (STHS) for Eric Henault - Original Page W3C HTML5 Valid
Hockey Simulator - Hockey Simulation - Hockey Manager